 Dungeon Crawl Stone Soup version 0.32-a0-42-ga30500b4d3 (webtiles) character file.

Game seed: 1544804057189535842

96 seren the Vexing (level 4, 0/33 HPs)
             Began as a Formicid Hexslinger on Feb 2, 2024.
             Succumbed to an adder's poison
             ... on level 4 of the Dungeon.
             The game lasted 00:06:09 (2809 turns).

seren the Vexing (Formicid Hexslinger)              Turns: 2809, Time: 00:06:09

Health: 0/33       AC:  2    Str: 13    XL:     4   Next: 98%
Magic:  7/7        EV: 12    Int: 14    God:
Gold:   194        SH:  0    Dex: 16    Spells: 2/7 levels left

rFire   . . .        b - +0 dagger
rCold   . . .        (no shield)
rNeg    . . .        c - +0 robe
rPois   .            (helmet unavailable)
rElec   .            (no cloak)
rCorr   .            (no gloves)
SInv    +            (no boots)
Will    .....        (no amulet)
Stlth   +            (no ring)
HPRegen 0.25/turn    (no ring)
MPRegen 0.10/turn

%: no passive effects
@: lethally poisoned (0 -> -3)
A: permanent stasis, dig shafts and tunnels, antennae 3, four strong arms
a: Dig, Shaft Self


You were on level 4 of the Dungeon.
You visited 1 branch of the dungeon, and saw 4 of its levels.

You collected 194 gold pieces.

Inventory:

Hand Weapons
 a - a +1 sling
 b - a +0 dagger (weapon)
Armour
 c - a +0 robe (worn)
Jewellery
 g - a ring of flight
 h - a ring of protection from fire
 l - a +6 ring of dexterity
Scrolls
 d - a scroll of immolation {unknown}
 f - a scroll of identify {unknown}
 i - a scroll of poison
 j - 3 scrolls of revelation {unknown}
 k - a scroll of acquirement {unknown}
 o - a scroll of teleportation {unknown}
 p - a scroll of vulnerability {unknown}
 q - a scroll of enchant armour {unknown}
 r - a scroll of enchant weapon {unknown}
Potions
 m - a potion of might {unknown}
 n - a potion of brilliance {unknown}


   Skills:
 + Level 2.1 Fighting
 + Level 2.5 Ranged Weapons
 + Level 2.3 Dodging
 + Level 2.0 Spellcasting
 + Level 4.2 Hexes
 + Level 1.9 Fire Magic


You had 2 spell levels left.
You knew the following spells:

 Your Spells              Type           Power      Damage    Failure   Level
a - Jinxbite              Hex            26%        N/A       6%          2
b - Sigil of Binding      Hex            13%        N/A       13%         3

Your spell library contained the following spells:

 Spells                   Type           Power      Damage    Failure   Level
 Inner Flame              Hex/Fire       10%        N/A       21%         3
 Cause Fear               Hex            6%         N/A       38%         4
 Frozen Ramparts          Ice            2%         1d1       56%         3
 Dimensional Bullseye     Hex/Tloc       3%         N/A       69%         4
 Leda's Liquefaction      Alch/Erth      0%         N/A       93%         4
 Petrify                  Alch/Erth      1%         N/A       93%         4
 Metabolic Englaciation   Hex/Ice        3%         N/A       95%         5


Dungeon Overview and Level Annotations

Branches:
Dungeon (4/15)
 Temple: D:4-7

Altars:
Zin


Innate Abilities, Weirdness & Mutations

You cannot be hasted, slowed, berserked, paralysed or teleported.
You can dig through walls and to a lower floor.
You have a pair of large antennae on your head. (SInv)
Your four strong arms can wield two-handed weapons with a shield.


Message History

You are poisoned.
The adder poisons you! The adder bites you.
* * * LOW HITPOINT WARNING * * *
You hit the adder but do no damage.
The adder is heavily wounded.
You feel sick. The adder closely misses you.
You miss the adder.
The adder is heavily wounded.
You feel sick. The adder bites you but does no damage.
You hit the adder.
The adder is severely wounded.
You feel sick. The adder bites you.
* * * LOW HITPOINT WARNING * * *
You hit the adder.
The adder is severely wounded.
You feel sick. The adder bites you.
* * * LOW HITPOINT WARNING * * *
The adder bites you.
* * * LOW HITPOINT WARNING * * *
You closely miss the adder.
The adder is severely wounded.
You feel sick.
You are no longer poisoned.
The adder bites you.
* * * LOW HITPOINT WARNING * * *
You are poisoned.
The adder poisons you!
You hit the adder but do no damage.
The adder is severely wounded.
* * * LOW HITPOINT WARNING * * *
You feel sick. The adder bites you.
* * * LOW HITPOINT WARNING * * *
You hit the adder.
The adder is almost dead.
* * * LOW HITPOINT WARNING * * *
You feel sick. The adder bites you but does no damage.
The adder barely misses you.
You barely miss the adder.
The adder is severely wounded.
You die...

#####.#.#
#.@S....#
#.###....#
#.# ...
###.# .
#...#
#...###
#....<#
#..####.#.
#.........


You could see an adder.

Vanquished Creatures
  5 adders
  A dart slug (D:1)
  A bat (D:1)
  4 endoplasms
  A giant cockroach (D:2)
  4 goblins
  4 hobgoblins
  11 jackals
  A quokka (D:1)
  A ball python (D:3)
  6 frilled lizards
  6 kobolds
  4 rats (D:3)
49 creatures vanquished.

Notes
Turn   | Place    | Note
-------+----------+-------------------------------------------
     0 | D:1      | seren the Formicid Hexslinger began the quest for the Orb.
     0 | D:1      | Reached XP level 1. HP: 15/15 MP: 2/2
    94 | D:1      | Reached XP level 2. HP: 21/21 MP: 3/3
   681 | D:2      | Reached XP level 3. HP: 8/26 MP: 5/5
   817 | D:2      | Reached skill level 4 in Hexes
   881 | D:2      | Learned a level 2 spell: Jinxbite
   885 | D:2      | Learned a level 3 spell: Sigil of Binding
   885 | D:2      | Found a faded altar of an unknown god.
   906 | D:2      | Reached XP level 4. HP: 33/33 MP: 6/6
  1973 | D:3      | Found a glowing silver altar of Zin.
  2808 | D:4      | HP: 1/33 [poisoned by an adder]
  2809 | D:4      | Succumbed to an adder's poison

Illustrated notes

Levels and vault maps discovered:
D:1:      dpeg_arrival_tiny_c, layout_basic, minmay_pentomino_v4
D:2:      layout_basic, hellmonk_ecumenical_altar_zigzags,
          chequers_serial_rivers_small_a
D:3:      layout_basic, nicolae_overflow_hidden_temple
D:4:      layout_basic, lemuel_coloured_pillars_altar, uniq_eustachio,
          uniq_pargi, uniq_natasha

Skill      XL: |  1  2  3  4 |
---------------+-------------+-----
Dodging        | 2 |  2.3
Hexes          | 4 |  4.2
Fighting       | 2 |  2.1
Spellcasting   | 2 |  2.0
Ranged Weapons | |  2.5
Fire Magic     | |  1.9

Action                     |  1- 3 |  4- 6 || total
---------------------------+-------+-------++-------
  Melee: Dagger            |       |    23 ||    23
   Fire: Sling             |    69 |    90 ||   159
Ability: Dig               |     1 |       ||     1
    Use: Potion            |       |     1 ||     1
 Armour: Robe              |    24 |    44 ||    68
  Dodge: Dodged            |    26 |    47 ||    73

Table legend: (Time is in decaauts)
 A = Elapsed time spent in this place.
 B = Non-inter-level travel time spent in this place.
 C = Inter-level travel time spent in this place.
 D = Time resting spent in this place.
 E = Time spent auto-exploring this place.
 F = Levels seen in this place.
 G = Mean time per level.
                   A        B        C        D        E       F      G
               +--------+--------+--------+--------+--------+-----+--------+
         Total |   2852 |   2759 |     93 |    226 |   2064 |   4 |  713.0 |
       Dungeon |   2852 |   2759 |     93 |    226 |   2064 |   4 |  713.0 |
               +--------+--------+--------+--------+--------+-----+--------+

Top non-repeatable levels by time:
     D:3: 1119 daAuts
     D:2: 1055 daAuts
     D:1: 596 daAuts
     D:4: 81 daAuts
